Map: Odyssey LE

Players

Serral

  • Race: Zerg Zerg
  • Spawn Location: 11:00

TRUE - Winner!

  • Race: Zerg Zerg
  • Spawn Location: 5:00

Event: WCS Valencia 2017

VOD

Have the link to the VOD?

Description

Time

  • Played on: July 15, 2017, 6:14 a.m.
  • Length: 12:27

All games in this series

Show
View Real Time Build Order
Export as new Build Order

Serral Zerg 

Build Orders: Pool First, Zergling Baneling 

Get SALT Encoding   

  12  0:00  Drone  
  13  0:12  Overlord  
  13  0:16  Drone  
  14  0:31  Drone x2  
  14  0:35  Drone  
  17  0:45  Extractor, Drone  
  17  0:49  Spawning Pool  
  16  0:56  Drone  
  17  1:07  Drone  
  18  1:17  Hatchery  
  17  1:22  Drone  
  18  1:29  Drone  
  19  1:36  Queen  
  21  1:40  Zergling x2  
  21  1:46  Metabolic Boost  
  22  1:54  Overlord  
  22  2:05  Baneling Nest  
  21  2:10  Drone  
  21  2:12  Queen  
  24  2:16  Zergling x2  
  24  2:22  Zergling x2  
  26  2:29  Zergling x2  
  27  2:33  Zergling x2  
  28  2:40  Zergling x2  
  29  2:47  Zergling x6  
  32  2:53  Baneling  
  32  2:54  Baneling  
  32  2:55  Overlord  
  32  2:58  Drone  
  33  3:01  Drone  
  34  3:11  Drone  
  35  3:13  Drone  
  35  3:18  Baneling x2  
  36  3:20  Drone x4  
  40  3:31  Overlord  
  40  3:32  Drone x3  
  42  3:38  Zergling x2  
  42  3:46  Overlord  
  42  3:54  Drone x2  
  42  3:55  Overlord  
  42  3:57  Baneling x2  
  42  3:59  Drone x2  
  43  4:05  Overlord  
  43  4:08  Drone  
  44  4:10  Zergling x2  
  44  4:13  Zergling x4  
  44  4:16  Hatchery  
  46  4:20  Zergling x2  
  47  4:24  Zergling x2  
  47  4:29  Roach Warren, Overlord  
  47  4:30  Drone x2  
  49  4:31  Extractor  
  49  4:34  Drone x2  
  50  4:39  Baneling  
  50  4:41  Overlord  
  50  4:42  Drone x2  
  50  4:45  Baneling  
  51  4:48  Zergling x4  
  53  4:53  Extractor  
  53  4:56  Drone  
  53  4:59  Queen  
  54  5:00  Overlord  
  54  5:01  Drone x2  
  54  5:04  Drone x2  
  58  5:09  Overlord  
  57  5:20  Roach x3  
  62  5:25  Roach  
  64  5:30  Roach  
  64  5:31  Roach x4  
  74  5:53  Roach x8  
  74  5:56  Overlord  
  89  6:00  Overlord  
  89  6:02  Baneling x2  
  89  6:10  Overlord  
  90  6:11  Zergling x10  
  87  6:28  Zergling x2  
  87  6:29  Zergling x12  
  94  6:37  Zergling x2  
  94  6:39  Zergling x2  
  93  6:44  Zergling x2  
  93  6:45  Zergling x12  
  100  6:47  Baneling  
  100  6:53  Zergling x2  
  101  7:06  Ravager x2  
  101  7:07  Zergling x14  
  92  7:11  Queen x3  
  92  7:14  Drone x2  
  92  7:15  Drone x2  
  76  7:24  Roach x3  
  81  7:39  Spore Crawler x2  
  81  7:40  Spore Crawler  
  75  7:45  Zergling x2  
  75  7:46  Zergling x12  
  77  7:53  Zergling x8  
  77  7:54  Zergling x4  
  67  7:59  Queen  
  55  8:14  Baneling x2, Roach  
  55  8:15  Roach x3  
  61  8:28  Extractor  
  61  8:33  Roach x4  
  66  8:36  Queen x2  
  70  8:43  Roach x2  
  70  8:44  Spore Crawler  
  44  9:11  Queen x2  
  44  9:13  Roach x4  
  52  9:31  Spore Crawler  
  52  9:38  Evolution Chamber  
  50  9:39  Roach  
  50  9:41  Zergling x6  
  55  9:46  Drone  
  56  10:00  Baneling x6  
  56  10:03  Drone x2  
  56  10:04  Lair  
  58  10:08  Drone  
  58  10:12  Drone  
  58  10:14  Hatchery  
  55  10:29  Zergling x2  
  55  10:30  Zergling x8  
  60  10:37  Hatchery  
  58  10:44  Drone x2  
  59  10:51  Drone  
  59  10:52  Drone x2  
  62  11:02  Glial Reconstitution  
  62  11:18  Unknown x2, Hatchery  
  62  11:24  Infestation Pit, Drone x2  
  62  11:25  Drone  
  63  11:27  Drone  
  63  11:32  Drone x2  
  61  11:45  Spore Crawler  
  60  11:48  Drone x3  
  60  11:49  Drone  
  60  11:53  Drone  
  60  11:54  Drone  
Show
View Real Time Build Order
Export as new Build Order

TRUE Zerg - Winner!

Build Orders: Hatch First, Zergling Baneling 

Get SALT Encoding   

  12  0:00  Drone  
  13  0:12  Overlord  
  13  0:16  Drone  
  14  0:30  Drone  
  14  0:31  Drone  
  14  0:34  Drone  
  17  0:52  Hatchery  
  17  0:55  Drone  
  17  0:56  Drone  
  18  1:04  Extractor  
  17  1:11  Spawning Pool  
  17  1:14  Drone  
  17  1:18  Drone  
  18  1:27  Drone  
  19  1:39  Overlord  
  19  1:49  Drone  
  20  1:58  Queen  
  22  2:03  Queen, Drone  
  22  2:04  Metabolic Boost  
  22  2:07  Drone  
  26  2:10  Drone  
  27  2:15  Drone  
  27  2:21  Drone  
  29  2:25  Baneling Nest  
  29  2:29  Drone  
  29  2:32  Drone  
  29  2:35  Queen  
  32  2:38  Zergling x2  
  32  2:43  Overlord  
  33  2:57  Zergling x2  
  34  2:58  Zergling x2  
  35  3:10  Drone x6  
  41  3:16  Baneling  
  41  3:17  Baneling x3  
  41  3:18  Zergling x6  
  44  3:23  Baneling x2  
  44  3:30  Zergling x4  
  44  3:32  Zergling x2  
  43  3:49  Drone  
  43  3:53  Overlord  
  43  3:54  Drone  
  44  3:56  Overlord  
  44  4:04  Overlord  
  44  4:07  Overlord  
  44  4:11  Overlord  
  44  4:14  Drone x3  
  44  4:15  Drone  
  44  4:16  Hatchery  
  47  4:17  Lair  
  47  4:24  Drone  
  47  4:27  Baneling x2  
  48  4:36  Extractor, Drone  
  48  4:37  Drone  
  49  4:39  Drone x4  
  49  4:42  Extractor  
  51  4:54  Extractor  
  51  4:56  Zergling x2  
  51  4:57  Zergling x6  
  51  4:59  Zergling x2  
  50  5:19  Spire  
  49  5:21  Zergling x2  
  49  5:22  Zergling x12  
  49  5:24  Zergling x2  
  49  5:25  Spine Crawler  
  57  5:28  Zergling x2  
  57  5:30  Zergling x2  
  57  5:35  Zergling x2  
  59  5:38  Zergling x2  
  59  5:39  Zergling x4  
  59  5:41  Baneling x5  
  62  5:44  Zergling x4  
  62  5:45  Zergling x2  
  65  5:52  Zergling x4  
  65  5:53  Zergling x2  
  65  5:54  Zergling x4  
  67  6:00  Baneling  
  67  6:01  Baneling x3, Zergling x2  
  67  6:02  Zergling x2  
  67  6:03  Zergling x6  
  67  6:04  Zergling x2  
  73  6:07  Zergling x6  
  73  6:09  Zergling x2  
  75  6:21  Spine Crawler  
  63  6:32  Mutalisk x5  
  64  6:39  Mutalisk  
  72  6:44  Mutalisk  
  72  6:45  Zergling x2  
  72  6:46  Zergling x2  
  76  6:48  Zergling x2  
  76  6:51  Zergling x2  
  76  6:52  Zergling x2  
  76  6:54  Zergling x2  
  80  6:56  Zergling x2  
  80  6:58  Zergling x2  
  82  7:02  Zergling x2  
  82  7:03  Zergling x2  
  75  7:12  Zergling x2  
  75  7:14  Zergling x2  
  75  7:15  Zergling x2  
  74  7:17  Zergling x2  
  74  7:21  Zergling x2  
  71  7:25  Zergling x2  
  70  7:31  Zergling x2  
  70  7:35  Zergling x4  
  70  7:40  Zergling x4  
  70  7:43  Zergling x2  
  66  7:47  Zergling x2  
  64  7:51  Zergling x2  
  64  7:53  Baneling  
  60  8:03  Zergling x6  
  62  8:06  Zergling x2  
  62  8:12  Zergling x4  
  60  8:15  Baneling  
  60  8:16  Baneling  
  58  8:21  Zergling x2  
  58  8:27  Zergling x4  
  58  8:30  Zergling x2  
  58  8:32  Baneling  
  58  8:33  Baneling  
  58  8:42  Zergling x6  
  59  8:50  Zergling x2  
  59  8:51  Zergling x2  
  59  8:53  Zergling x2  
  59  8:55  Zergling x2  
  60  8:59  Zergling x2  
  60  9:02  Zergling x2  
  58  9:06  Zergling x2  
  58  9:09  Zergling x2  
  48  9:23  Drone x3  
  48  9:25  Drone  
  48  9:28  Drone  
  50  9:34  Drone x2  
  50  9:37  Drone  
  52  9:42  Drone x2  
  54  9:47  Drone  
  55  9:53  Drone x3  
  55  9:58  Overseer  
  58  10:03  Zerg Flyer Weapons Level 1  
  58  10:12  Mutalisk  
  58  10:13  Mutalisk x2  
  63  10:24  Mutalisk x3  
  60  10:51  Queen x2  
  60  10:56  Overlord x2  
  64  10:57  Zergling x4  
  64  10:58  Zergling x10  
  71  11:07  Mutalisk  
  71  11:08  Mutalisk  
  71  11:10  Overlord  
  73  11:21  Mutalisk  
  73  11:24  Drone x2  
  77  11:26  Mutalisk  
  77  11:31  Drone  
  79  11:33  Mutalisk  
  79  11:36  Drone  
  79  11:39  Drone x2  
  80  11:40  Extractor x2  
  80  11:43  Zergling x4  
  80  11:47  Mutalisk  
  80  11:51  Mutalisk  
  84  12:01  Mutalisk  
Tags
 
Add a new tag
Caveats
  • Supply blocks, unpowered buildings, or Contaminate may cause inaccurate times.
  • Supply counts are checked every 10 seconds.